 Dungeon Crawl Stone Soup version 0.28.0-53-g5a82cb258f (webtiles) character file.

Game seed: 2193140163219147848

86 MajorAdolf the Shield-Bearer (level 4, 0/39 HPs)
             Began as a Naga Wanderer on July 10, 2022.
             Frozen to death by an endoplasm (4 damage)
             ... on level 2 of the Dungeon.
             The game lasted 00:04:58 (2237 turns).

MajorAdolf the Shield-Bearer (Naga Wanderer)        Turns: 2237, Time: 00:05:00

Health: 0/39       AC:  2    Str: 16    XL:     4   Next: 49%
Magic:  5/5        EV:  9    Int: 13    God:
Gold:   150        SH: 11    Dex: 10    Spells: 4/5 levels left

rFire   + + +      SeeInvis +   n - +11 flail of the Bespelling Lamprey {drain, Contam rF+++ Will+ SInv}
rCold   . . .      Faith    .   d - +2 buckler
rNeg    . . .      Spirit   .   c - +0 robe
rPois   +          Reflect  +   (no helmet)
rElec   .          Harm     .   (no cloak)
rCorr   .          Rampage  .   (no gloves)
Will    +....                   (no barding)
Stlth   ++........              k - amulet of reflection
HPRegen 0.13/turn               (no ring)
MPRegen 0.09/turn               (no ring)

@: attractive, very slow
A: AC +1, large, see invisible, deformed body, poison resistance, slowness 2,
spit poison 1, naga tail 1
a: Spit Poison


You were on level 2 of the Dungeon.
You visited 1 branch of the dungeon, and saw 3 of its levels.

You collected 150 gold pieces.

Inventory:

Hand Weapons
 a - a +0 club
 f - a +0 hand axe
 n - the +11 flail of the Bespelling Lamprey (weapon) {drain, Contam rF+++ Will+ SInv}
   (You found it on level 3 of the Dungeon)

   A truly terrible weapon, it drains the life of any living foe it strikes.
   rF:        It renders you almost immune to fire.
   SInv:      It lets you see invisible.
   Contam:    It causes magical contamination when unequipped.
   Will:      It increases your willpower.
Armour
 c - a +0 robe (worn)
 d - a +2 buckler (worn)
Jewellery
 k - an amulet of reflection (around neck)
Scrolls
 g - a scroll of enchant weapon {unknown}
 h - 3 scrolls of identify {unknown}
 j - a scroll of vulnerability {unknown}
 m - a scroll of torment {unknown}
Potions
 e - a potion of attraction
 i - 3 potions of heal wounds {unknown}
 l - a potion of ambrosia {unknown}
 o - a potion of mutation {unknown}
Miscellaneous
 b - a piece from Xom's chessboard (15/15)


   Skills:
 + Level 1.7 Fighting
 + Level 1.3 Axes
 + Level 1.0 Armour
 + Level 1.4 Dodging
 - Level 1.5 Stealth
 + Level 2.8 Shields
 - Level 1.0 Spellcasting
 - Level 2.0 Hexes
 - Level 2.4 Evocations


You had 4 spell levels left.
You knew the following spells:

 Your Spells              Type           Power      Damage    Failure   Level
a - Slow                  Hex            20%        N/A       16%         1

Your spell library contained the following spells:

 Spells                   Type           Power      Damage    Failure   Level
 Dazzling Flash           Conj/Hex       6%         N/A       56%         3
 Alistair's Intoxication  Tmut/Pois      0%         N/A       100%        5
 Borgnjor's Vile Clutch   Necr/Erth      0%         N/A       100%        5
 Eringya's Noxious Bog    Tmut/Pois      0%         N/A       100%        6


Dungeon Overview and Level Annotations

Branches:
Dungeon (3/15)

Altars:
Fedhas

Annotations:
D:2 Sigmund


Innate Abilities, Weirdness & Mutations

Your serpentine skin is tough. (AC +1)
You have supernaturally acute eyesight. (SInv)
Armour fits poorly on your strangely shaped body.
Your system is resistant to poisons. (rPois)
You cover ground very slowly.
You can spit poison.
You have a snake-like lower body.


Message History

You are frozen.
The gnoll hits you from afar with a +2 spear of venom!
* * * LOW HITPOINT WARNING * * *
You climb upwards.
Level annotation: Sigmund
There is a stone staircase leading down here.
Okay, then.
The kobold shouts!
You hear a shout! x2
You block the hobgoblin's attack.
You sock the kobold!
You kill the kobold!
The hobgoblin closely misses you. You block the endoplasm's attack.
You block the hobgoblin's attack.
The hobgoblin hits you but does no damage.
The endoplasm freezes you.
You are frozen.
* * * LOW HITPOINT WARNING * * *
You see here a +1 short sword of venom.
It was a potion of attraction.
You feel attractive to monsters. You block the endoplasm's attack.
The gnoll shaman calls upon its god to speed up the gnoll.
The gnoll seems to speed up.
You block the hobgoblin's attack.
The gnoll shaman is attracted toward you.
The gnoll is attracted toward you.
Okay, then.
Okay, then.
Okay, then.
You block the endoplasm's attack. The gnoll is attracted toward you.
A frilled lizard comes into view.
You block the endoplasm's attack.
The frilled lizard is attracted toward you.
The helpless frilled lizard fails to defend itself.
You sock the frilled lizard!
You kill the frilled lizard!
You block the hobgoblin's attack. The endoplasm freezes you.
You are frozen.
You die...

.#.# #.# #.#
.#.#####^##### #.#
.#.##....##..##
#.#
##.##...$#8..8####
#.# #.
#..........§.# #.#
#......§g).g.# #.#
#....#8..8#.g#
#.############ ...
##..##gJ#
#.............
#####.g #..####@#
##############
......g #.## #.#
....... ... #.#
.....###### #.#
>....# §.# ######
... ... ....


You could see a gnoll shaman, a gnoll (fast), an endoplasm and a hobgoblin.

Vanquished Creatures
  2 gnolls
  An adder (D:2)
  A worm (D:2)
  A dart slug (D:2)
  2 orcs (D:3)
  3 endoplasms
  2 giant cockroaches (D:1)
  5 goblins
  6 hobgoblins
  2 jackals (D:1)
  3 quokkas
  6 ball pythons
  2 bats
  6 frilled lizards
  3 kobolds
  6 rats
51 creatures vanquished.

Notes
Turn   | Place    | Note
-------+----------+-------------------------------------------
     0 | D:1      | MajorAdolf the Naga Wanderer began the quest for the Orb.
     0 | D:1      | MajorAdolf set off with the following items: a +0 club, a
                  | piece from Xom's chessboard (15/15), a +0 robe, a +2
                  | buckler; and the following spell memorised: Slow; and the
                  | following spells available to memorise: Dazzling Flash
     0 | D:1      | Reached XP level 1. HP: 15/15 MP: 2/2
   274 | D:1      | Reached XP level 2. HP: 24/24 MP: 3/3
   412 | D:1      | Reached skill level 1 in Fighting
   803 | D:1      | Reached skill level 1 in Dodging
   803 | D:1      | Reached XP level 3. HP: 25/31 MP: 4/4
  1368 | D:2      | Reached skill level 1 in Axes
  1929 | D:2      | Reached XP level 4. HP: 38/38 MP: 5/5
  1950 | D:2      | Noticed Sigmund
  2027 | D:3      | Identified the +11 flail of the Bespelling Lamprey {drain,
                  | Contam rF+++ Will+ SInv}
  2042 | D:3      | Found a blossoming altar of Fedhas.
  2237 | D:2      | Frozen to death by an endoplasm

Illustrated notes

Levels and vault maps discovered:
D:1:      minmay_arrival_floating_metal, layout_basic
D:2:      layout_basic, shapermc_ecumenical_altar_mp_vishouse,
          hangedman_decor_clover_reticule, hangedman_decor_push, st_stairs_6,
          uniq_sigmund
D:3:      layout_rooms, fedhas_ov_isle_minmay, serial_shops,
          nicolae_diamond_shop, minivault_5

Skill      XL: |  1  2  3 |
---------------+----------+-----
Fighting       | 1 |  1.7
Dodging        | 1 |  1.4
Axes           | 1 |  1.3
Armour         | |  1.0
Stealth        | |  1.5
Shields        | |  2.8
Spellcasting   | |  1.0
Hexes          | |  2.0
Evocations     | |  2.4

Action                   |  1- 3 |  4- 6 || total
-------------------------+-------+-------++-------
Melee: Club              |     4 |       ||     4
       Hand axe          |    40 |     9 ||    49
       Flail             |       |    13 ||    13
 Cast: Slow              |     1 |       ||     1
 Abil: Spit Poison       |    34 |     2 ||    36
  Use: Potion            |       |     1 ||     1
 Stab: Sleeping          |       |     2 ||     2
Armor: Robe              |     2 |     9 ||    11
Dodge: Dodged            |    17 |     8 ||    25
Block: Buckler           |    20 |    34 ||    54
